 Dungeon Crawl Stone Soup version 0.27-a0-46-g34d46f0a3f (webtiles) character file.

Game seed: 3174443194262159892

926 Borgoz the Ruffian (level 8, 0/67 HPs)
             Began as a Ghoul Gladiator on Jan 6, 2021.
             Slain by an orc warrior
             ... wielding a +0 hand axe
              (10 damage)
             ... on level 7 of the Dungeon.
             The game lasted 00:03:34 (4150 turns).

Borgoz the Ruffian (Ghoul Gladiator)                Turns: 4150, Time: 00:03:35

Health: 0/67       AC: 10    Str: 19    XL:     8   Next: 10%
Magic:  7/7        EV: 11    Int:  3    God:
Gold:   144        SH:  0    Dex: 11    Spells: 7/7 levels left

rFire    . . .     SeeInvis .     - Unarmed
rCold    + . .     Faith    .   (no shield)
rNeg     + + +     Spirit   .   l - +0 scale mail
rPois    ∞         Reflect  .   b - +0 helmet
rElec    .         Harm     +   n - scarf {harm}
rCorr    .         Rampage  .   m - +0 pair of gloves
Will     .....                  i - +0 pair of boots
Stlth    ..........             (no amulet)
HPRegen  0.00/turn              (no ring)
MPRegen  0.10/turn              (no ring)

@: no status effects
A: claws 1, cold resistance 1, negative energy resistance 3, inhibited
regeneration, torment resistance, unbreathing
a: no special abilities


You were on level 7 of the Dungeon.
You visited 1 branch of the dungeon, and saw 7 of its levels.

You collected 144 gold pieces.

Inventory:

Missiles
 c - 3 throwing nets (quivered)
Armour
 b - a +0 helmet (worn)
 i - a +0 pair of boots (worn)
 l - a +0 scale mail (worn)
 m - a +0 pair of gloves (worn)
 n - a scarf of harm (worn)
 p - a +1 cloak
Wands
 q - a wand of disintegration (29)
 t - a wand of iceblast (4)
Scrolls
 h - a scroll of enchant weapon {unknown}
 r - 3 scrolls of remove curse
 s - 2 scrolls of immolation {unknown}
 w - a scroll of teleportation
 x - a scroll of silence
Potions
 a - 2 potions of degeneration {unknown}
 d - 2 potions of magic {unknown}
 e - 2 potions of might
 g - a potion of haste
 j - 4 potions of mutation {unknown}
 k - a potion of invisibility
 o - a potion of heal wounds {unknown}
 u - a potion of curing {unknown}
 v - a potion of cancellation


   Skills:
 + Level 4.8 Fighting
 - Level 1.7 Throwing
 + Level 3.4 Armour
 + Level 4.4 Dodging
 * Level 7.1 Unarmed Combat


You had 7 spell levels left.
You didn't know any spells.
Your spell library was empty.

Dungeon Overview and Level Annotations

Branches:
Dungeon (7/15)
 Temple: D:4-7

Altars:
Gozag
Hepliaklqana
Sif Muna
Uskayaw
Yredelemnul


Innate Abilities, Weirdness & Mutations

You thrive by killing the living.
You are immune to poison.
You have sharp fingernails.
Your flesh is cold resistant. (rC+)
You are immune to negative energy. (rN+++)
You do not regenerate when monsters are visible.
You are immune to unholy pain and torment.
You can survive without breathing.


Message History

You are too injured to fight recklessly!
You are too injured to fight recklessly!
You are too injured to fight recklessly!
You are too injured to fight recklessly!
The orc closely misses you. x2; The orc barely misses you.
You climb downwards.
There is a stone staircase leading up here.
You hit the orc.
The orc is moderately wounded.
The orc hits you but does no damage.
You barely miss the orc.
The orc is moderately wounded.
The orc hits you with a +0 hand axe.
You punch the orc!
You kill the orc!
The orc warrior hits you with a +0 hand axe!
* * * LOW HITPOINT WARNING * * *
You barely miss the orc. The orc closely misses you.
The orc warrior hits you with a +0 hand axe!
You die...

#.# #.#
#.# #.#
#.# #.#
#.#######
#oo@o...#
#######.#


You could see an orc warrior and 2 orcs.

Vanquished Creatures
  An ice beast (D:5)
  An orc warrior (D:7)
  An ogre (D:4)
  2 scorpions (D:4)
  A centaur zombie (D:5)
  A bullfrog skeleton (D:4)
  An orc priest (D:5)
  2 hounds
  An orc wizard (D:5)
  3 worker ants (D:4)
  Natasha (twice) (D:3)
  2 iguanas
  A howler monkey zombie (D:5)
  8 adders
  A white imp (D:3)
  An ooze (D:1)
  An adder zombie (D:5)
  3 worms (D:3)
  2 dart slugs (D:1)
  3 leopard geckos
  14 orcs
  6 giant cockroaches
  3 goblins
  9 hobgoblins
  A ball python (D:2)
  6 bats
  4 frilled lizards
  8 kobolds
  9 rats
98 creatures vanquished.

Notes
Turn   | Place    | Note
-------+----------+-------------------------------------------
     0 | D:1      | Borgoz the Ghoul Gladiator began the quest for the Orb.
     0 | D:1      | Reached XP level 1. HP: 17/17 MP: 0/0
    65 | D:1      | Reached XP level 2. HP: 22/25 MP: 1/1
   548 | D:1      | Reached XP level 3. HP: 30/30 MP: 2/2
   949 | D:2      | Reached skill level 1 in Armour
  1034 | D:2      | Reached skill level 4 in Unarmed Combat
  1167 | D:2      | Found a hazy altar of Hepliaklqana.
  1433 | D:2      | Reached XP level 4. HP: 27/37 MP: 3/3
  1620 | D:2      | Found a shimmering blue altar of Sif Muna.
  1983 | D:3      | Reached XP level 5. HP: 45/45 MP: 4/4
  2090 | D:3      | Noticed Natasha
  2091 | D:3      | Found a faded altar of an unknown god.
  2098 | D:3      | Killed Natasha
  2153 | D:3      | Noticed Natasha
  2161 | D:3      | Killed Natasha
  2262 | D:3      | Reached skill level 5 in Unarmed Combat
  2446 | D:3      | Found an opulent altar of Gozag.
  2581 | D:4      | Noticed an ogre
  2588 | D:4      | Killed an ogre
  2589 | D:4      | Reached XP level 6. HP: 7/52 MP: 5/5
  3121 | D:4      | Reached XP level 7. HP: 56/59 MP: 6/6
  3157 | D:4      | Reached skill level 6 in Unarmed Combat
  3356 | D:5      | Entered Level 5 of the Dungeon
  3551 | D:5      | Found a basalt altar of Yredelemnul.
  3630 | D:5      | Noticed a +0 dagger
  3630 | D:5      | Noticed a +0 dagger
  3632 | D:5      | Found a hide-covered altar of Uskayaw.
  4008 | D:7      | Reached skill level 7 in Unarmed Combat
  4008 | D:7      | Reached XP level 8. HP: 40/67 MP: 7/7
  4150 | D:7      | Slain by an orc warrior

Illustrated notes

Levels and vault maps discovered:
D:1:      dpeg_arrival_lava_temple_mockup, layout_basic
D:2:      layout_loops_ring, led_sif_pool, overflow_temple_1_default
D:3:      layout_loops_ring, chequers_ecumenical_altar_simple_redux,
          grunt_gozag_breadcrumbs, uniq_natasha
D:4:      layout_rooms
D:5:      minmay_octagon_keep, layout_rooms, dancing_weapons_uskayaw,
          nicolae_overflow_crystal_walls, kennysheep_another_room
D:6:      layout_gridville, temple_fountains, gammafunk_ghost_arena,
          minivault_5, hangedman_abyss_or_decor_stabs, uniq_menkaure,
          uniq_duvessa
D:7:      layout_loops_ring, nicolae_overflow_hidden_temple, elyvilon_altar_4,
          lemuel_doored_altar, nicolae_ru_awakened_eye, uniq_prince_ribbit1

Skill      XL: |  1  2  3  4  5  6  7 |
---------------+----------------------+-----
Dodging        | 3 4 |  4.4
Armour         | 1 2 3 |  3.4
Unarmed Combat | 4 5 7 |  7.1
Fighting       | 3 4 |  4.8
Throwing       | |  1.7

Action                   |  1- 3 |  4- 6 |  7- 9 || total
-------------------------+-------+-------+-------++-------
Melee: Unarmed           |   111 |   185 |    91 ||   387
       Punch             |     1 |     5 |     5 ||    11
Throw: Throwing net      |       |     1 |       ||     1
  Use: Scroll            |       |       |     6 ||     6
Armor: Leather armour    |    11 |       |       ||    11
       Ring mail         |    38 |       |       ||    38
       Scale mail        |       |    74 |    31 ||   105
Dodge: Dodged            |    60 |    92 |    54 ||   206

Table legend: (Time is in decaauts)
 A = Elapsed time spent in this place.
 B = Non-inter-level travel time spent in this place.
 C = Inter-level travel time spent in this place.
 D = Time resting spent in this place.
 E = Time spent auto-exploring this place.
 F = Levels seen in this place.
 G = Mean time per level.
                   A        B        C        D        E       F      G
               +--------+--------+--------+--------+--------+-----+--------+
         Total |   4124 |   3923 |    201 |    450 |   2755 |   7 |  589.1 |
       Dungeon |   4124 |   3923 |    201 |    450 |   2755 |   7 |  589.1 |
               +--------+--------+--------+--------+--------+-----+--------+

Top non-repeatable levels by time:
     D:3: 898 daAuts
     D:1: 849 daAuts
     D:2: 804 daAuts
     D:4: 786 daAuts
     D:5: 619 daAuts
     D:7: 140 daAuts
     D:6: 26 daAuts
